 Dungeon Crawl Stone Soup version 0.18.1-6-gd335043 (webtiles) character file.

739 shmeve the Chopper (level 7, -3/64 HPs)
             Began as a Minotaur Berserker on May 19, 2016.
             Was a Priest of Trog.
             Slain by an ogre
             ... wielding a cursed -3 giant spiked club
              (28 damage)
             ... on level 5 of the Dungeon on May 20, 2016.
             The game lasted 00:09:13 (3892 turns).

shmeve the Chopper (Minotaur Berserker)             Turns: 3892, Time: 00:09:14

Health: -3/64      AC:  9    Str: 27    XL:     7   Next: 46%
Magic:  6/6        EV:  9    Int:  5    God:    Trog [***...]
Gold:   218        SH:  0    Dex: 10    Spells: 0 memorised, 6 levels left

rFire  . . .     SeeInvis .     a - +0 hand axe
rCold  . . .     Gourm    .     f - +0 chain mail
rNeg   . . .     Faith    .     (no shield)
rPois  .         Spirit   .     (helmet restricted)
rElec  .         Dismiss  .     (no cloak)
rCorr  .         Reflect  .     (no gloves)
SustAt .         Harm     .     (no boots)
MR     .....                    (no amulet)
Stlth  ..........               s - +5 ring of strength
                                o - +2 ring of slaying

@: heavily drained, not resistant to hostile enchantments, extremely unstealthy
A: retaliatory headbutt, horns 2
a: Berserk, Trog's Hand, Burn Spellbooks, Renounce Religion


You were on level 5 of the Dungeon.
You worshipped Trog.
Trog was most pleased with you.
You were not hungry.

You visited 1 branch of the dungeon, and saw 5 of its levels.

You collected 218 gold pieces.

Inventory:

Hand Weapons
 a - a +0 hand axe (weapon)
Armour
 f - a +0 chain mail (worn)
Jewellery
 o - a +2 ring of slaying (left hand)
 s - a +5 ring of strength (right hand)
 t - an uncursed ring of protection from fire {unknown}
Scrolls
 b - 3 scrolls of recharging {unknown}
 d - 3 scrolls of magic mapping {unknown}
 g - 7 scrolls of identify {unknown}
 h - 3 scrolls of remove curse {unknown}
 m - a scroll of enchant weapon {unknown}
 r - a scroll of enchant armour {unknown}
 y - a scroll of teleportation {unknown}
 A - a scroll of fog {unknown}
 C - a scroll of torment {unknown}
Potions
 e - a potion of invisibility {unknown}
 i - a potion of degeneration {unknown}
 j - 2 potions of lignification {unknown}
 k - a potion of cure mutation {unknown}
 l - 2 potions of flight {unknown}
 n - a potion of curing {unknown}
 p - a potion of magic {unknown}
 u - a potion of cancellation {unknown}
 v - 2 potions of heal wounds {unknown}
 z - a potion of might {unknown}
 D - a potion of resistance {unknown}
Comestibles
 c - a bread ration
 q - a royal jelly
 w - 2 fruits
 x - 2 meat rations
 B - a chunk of flesh


   Skills:
 * Level 6.6(5.0) Fighting
 * Level 6.9(5.3) Axes
 + Level 4.4(3.0) Armour
 + Level 4.4(3.0) Dodging


You had 6 spell levels left.
You didn't know any spells.

Dungeon Overview and Level Annotations

Branches:
Dungeon (5/15)             Temple (0/1) D:5

Altars:
Gozag
Ru


Innate Abilities, Weirdness & Mutations

You reflexively headbutt those who attack you in melee.
You have a pair of horns on your head.


Message History

You closely miss the ogre.
The ogre is moderately wounded.
The ogre hits you but does no damage.
You hit the ogre.
The ogre is moderately wounded.
The ogre hits you with a giant spiked club!
Your chain mail prevents you from hitting the ogre.
The ogre is moderately wounded.
You hit the ogre.
The ogre is heavily wounded.
The ogre misses you.
You slash the ogre! You headbutt the ogre.
The ogre is almost dead.
The ogre closely misses you.
Your chain mail prevents you from hitting the ogre.
The ogre is almost dead.
You hit the ogre.
The ogre is almost dead.
The ogre hits you with a giant spiked club!!
You die...

#######..#....#
##....#.#
##.#.#.#
#.#.#.# #...#.#
#####.# #.# #.#
#@# #.O......
#########


You could see an ogre.

Vanquished Creatures
  A sky beast (D:5)
  An ogre (D:4)
  A centaur (D:5)
  A wyvern skeleton (D:3)
  A howler monkey (D:5)
  A hound (D:4)
  A giant frog skeleton (D:5)
  An iguana (D:4)
  2 orc wizards
  A hound skeleton (D:4)
  7 gnolls (D:4)
  7 adders
  An ooze (D:3)
  An adder skeleton (D:4)
  A worm (D:2)
  A dart slug (D:3)
  2 giant geckos
  6 orcs
  A ball python (D:4)
  12 bats
  2 giant cockroaches
  5 hobgoblins
  3 jackals (D:4)
  11 kobolds
  A quokka (D:2)
  A giant gecko skeleton (D:5)
  3 giant newts
  5 goblins
  11 rats
92 creatures vanquished.

Vanquished Creatures (others)
  An orc wizard (D:4)
1 creature vanquished.

Grand Total: 93 creatures vanquished

Notes
Turn   | Place    | Note
--------------------------------------------------------------
     0 | D:1      | shmeve the Minotaur Berserker began the quest for the Orb.
     0 | D:1      | Reached XP level 1. HP: 19/19 MP: 0/0
   351 | D:1      | Reached XP level 2. HP: 24/27 MP: 1/1
   660 | D:2      | Reached XP level 3. HP: 10/33 MP: 2/2
   997 | D:2      | Reached ** piety under Trog
  1291 | D:2      | Reached XP level 4. HP: 31/41 MP: 3/3
  1587 | D:3      | Reached skill level 5 in Fighting
  1587 | D:3      | Reached XP level 5. HP: 12/48 MP: 4/4
  1827 | D:3      | Reached skill level 5 in Axes
  2178 | D:3      | Reached *** piety under Trog
  2632 | D:4      | Reached XP level 6. HP: 55/56 MP: 5/5
  2918 | D:4      | Found an opulent altar of Gozag.
  3363 | D:5      | Entered Level 5 of the Dungeon
  3382 | D:5      | Found a staircase to the Ecumenical Temple.
  3470 | D:5      | Reached XP level 7. HP: 43/63 MP: 6/6
  3796 | D:5      | Found a sacrificial altar of Ru.
  3892 | D:5      | Slain by an ogre

Skill      XL: |  1  2  3  4  5  6 |
---------------+-------------------+-----
Fighting       | 4 5 6 |  6.6
Axes           | 4 5 6 |  6.9
Armour         | 3 4 |  4.4
Dodging        | 3 4 |  4.4

Action                   |  1- 3 |  4- 6 |  7- 9 || total
-------------------------+-------+-------+-------++-------
Melee: Hand axe          |   103 |    91 |    47 ||   241
       Headbutt          |    10 |    19 |     5 ||    34
Invok: Berserk           |     1 |     2 |     1 ||     4
       Trog's Hand       |       |       |     1 ||     1
  Eat: Chunk             |     2 |     8 |     2 ||    12
       Beef jerky        |       |     1 |       ||     1
Armor: Chain mail        |    71 |    39 |    22 ||   132
       Animal skin       |     5 |       |       ||     5
Dodge: Dodged            |    55 |    54 |    13 ||   122
